 Dungeon Crawl Stone Soup version 0.19-a0-1888-g6ba2374 (webtiles) character file.

1554 Naow the Warrior (level 9, -2/66 HPs)
             Began as a Formicid Fighter on Oct 17, 2016.
             Was a Believer of Okawaru.
             Succumbed to a killer bee's poison
             ... on level 6 of the Dungeon.
             The game lasted 00:08:52 (4862 turns).

Naow the Warrior (Formicid Fighter)                 Turns: 4862, Time: 00:08:53

Health: -2/66      AC: 11    Str: 28    XL:     9   Next: 12%
Magic:  22/23      EV: 13    Int: 13    God:    Okawaru [**....]
Gold:   364        SH: 13    Dex: 10    Spells: 0 memorised, 8 levels left

rFire  . . .     SeeInvis +     d - +0 battleaxe
rCold  . . .     Gourm    .     b - +0 scale mail
rNeg   + . .     Faith    .     c - +0 shield
rPois  .         Spirit   .     (helmet unavailable)
rElec  .         Dismiss  .     v - +0 cloak
rCorr  .         Reflect  .     q - +0 pair of gloves
MR     .....     Harm     .     (no boots)
Stlth  ++........               (no amulet)
                                i - ring of Dusicz Ithi {MP+9 Str+4 Int+5}
                                p - ring of positive energy

@: lethally poisoned (-2 -> -29), heroism
A: permanent stasis, dig shafts and tunnels, four strong arms, antennae 3
a: Dig, Shaft Self, Heroism, Renounce Religion


You were on level 6 of the Dungeon.
You worshipped Okawaru.
Okawaru was pleased with you.
You were hungry.

You visited 2 branches of the dungeon, and saw 8 of its levels.

You collected 364 gold pieces.

Inventory:

Hand Weapons
 a - a +1 war axe
 d - a +0 battleaxe (weapon)
Armour
 b - a +0 scale mail (worn)
 c - a +0 shield (worn)
 q - a +0 pair of gloves (worn)
 v - a +0 cloak (worn)
Jewellery
 i - the ring of Dusicz Ithi (right hand) {MP+9 Str+4 Int+5}
   (You found it on level 5 of the Dungeon)

   [ring of magical power]

   It affects your strength (+4).
   It affects your intelligence (+5).
   It affects your magic capacity (+9).
 p - a ring of positive energy (left hand)
 C - an uncursed ring of stealth
Wands
 w - a wand of digging (8/24)
 y - a wand of polymorph (11/24)
 D - a wand of acid (7/15)
 F - a wand of iceblast (6/15)
 G - a wand of paralysis (8/24)
Scrolls
 k - a scroll of remove curse
 m - 3 scrolls of immolation
 n - 4 scrolls of teleportation
 o - 6 scrolls of identify
 t - a scroll of fog
 u - 4 scrolls of recharging
 B - a scroll of holy word {unknown}
Potions
 e - 2 potions of agility {unknown}
 l - 3 potions of curing {unknown}
 r - a potion of mutation
 x - a potion of brilliance {unknown}
 z - a potion of haste {unknown}
 A - 2 potions of heal wounds {unknown}
Books
 h - a book of Conjurations

   Spells                             Type                      Level
   a - Magic Dart                     Conjuration                  1
   b - Searing Ray                    Conjuration                  2
   c - Dazzling Spray                 Conjuration/Hexes            3
   d - Fulminant Prism                Conjuration/Hexes            4
   e - Iskenderun's Mystic Blast      Conjuration                  4
   f - Iskenderun's Battlesphere      Conjuration/Charms           5
Comestibles
 f - 4 bread rations
 g - a royal jelly
 j - 2 slices of pizza
 s - a beef jerky
 E - a fruit
 H - a meat ration
 I - a chunk of flesh


   Skills:
 - Level 4.6(9.6) Fighting
 - Level 6.2(11.2) Axes
 - Level 4.3(9.3) Armour
 - Level 1.5(6.5) Dodging
 - Level 1.1(6.1) Stealth
 - Level 5.7(10.7) Shields
 + Level 7.8 Invocations


You had 8 spell levels left.
You didn't know any spells.

Dungeon Overview and Level Annotations

Branches:
Dungeon (7/15)             Temple (1/1) D:4

Altars:
Ashenzari
Cheibriados
Dithmenos
Fedhas
Gozag
Hepliaklqana
Kikubaaqudgha
Makhleb
Nemelex Xobeh
Okawaru
Qazlal
Ru
Sif Muna
Trog
Uskayaw
Xom
Yredelemnul
Zin
The Shining One


Innate Abilities, Weirdness & Mutations

You are under a permanent stasis effect.
You can dig through walls and to a lower floor.
Your four strong arms can wield two-handed weapons with a shield.
You have a pair of large antennae on your head. (SInv)


Message History

The killer bee barely misses you. You block the killer bee's attack.
You miss the killer bee.
The killer bee is severely wounded.
You slice the killer bee!!
You kill the killer bee!
Okawaru accepts your kill.
* * * LOW HITPOINT WARNING * * *
You feel sick. You block the killer bee's attack. x2
You closely miss the killer bee.
The killer bee is severely wounded.
* * * LOW HITPOINT WARNING * * *
You feel very sick.
The killer bee stings you but does no damage.
You block the killer bee's attack. The killer bee stings you.
* * * LOW HITPOINT WARNING * * *
You are more poisoned.
The killer bee poisons you!
You closely miss the killer bee.
The killer bee is severely wounded.
You die...

#......# #.....#
#......# #.###.#
#......# #.# #.#
#......# #.# #.#
#......# #.# #.####
#......####.###.....
#......+............
#.(.†..####.#.##....
###@y<...........##.
###########.#..##.
#.#.....
##########+##.##.
#...........#....
#.....###...##.#.
#.....# #...##...
#.....# #...###..
#.....# #...'....


You could see a killer bee.

Vanquished Creatures
  An orc warrior (D:6)
  A sky beast (D:6)
  2 ice beasts
  A black bear (D:6)
  An ogre (D:5)
  2 centaurs
  2 killer bees (D:6)
  A howler monkey (D:6)
  2 crimson imps (D:6)
  3 hounds
  3 orc priests
  A centaur skeleton (D:6)
  An orc wizard (D:4)
  Crazy Yiuf (D:3)
  Jessica (D:3)
  2 worker ants
  Natasha (thrice) (D:3)
  A hound zombie (D:6)
  A worker ant zombie (D:5)
  Robin (D:4)
  3 gnolls (D:4)
  3 adders (D:3)
  2 oozes
  An adder skeleton (D:4)
  2 worms
  2 dart slugs
  6 leopard geckos
  15 orcs
  5 giant cockroaches
  17 goblins
  11 hobgoblins
  10 jackals
  7 kobolds
  4 quokkas
  4 ball pythons
  9 bats
  5 frilled lizards
  7 rats
144 creatures vanquished.

Vanquished Creatures (others)
  A shadow imp (D:5)
1 creature vanquished.

Grand Total: 145 creatures vanquished

Notes
Turn   | Place    | Note
-------+----------+-------------------------------------------
     0 | D:1      | Naow the Formicid Fighter began the quest for the Orb.
     0 | D:1      | Reached XP level 1. HP: 18/18 MP: 1/1
    88 | D:1      | Reached XP level 2. HP: 24/24 MP: 2/2
   349 | D:1      | Reached XP level 3. HP: 15/29 MP: 3/3
  1340 | D:3      | Reached XP level 4. HP: 35/36 MP: 4/4
  1375 | D:3      | Noticed Natasha
  1397 | D:3      | Killed Natasha
  1493 | D:3      | Found a faded altar of an unknown god.
  1493 | D:3      | Found a faded altar of an unknown god.
  1498 | D:3      | Found a sacrificial altar of Ru.
  1500 | D:3      | Found a shattered altar of Ashenzari.
  1501 | D:3      | Found a glowing golden altar of the Shining One.
  1586 | D:3      | Noticed Jessica
  1595 | D:3      | Killed Jessica
  1595 | D:3      | Reached XP level 5. HP: 40/42 MP: 5/5
  1622 | D:3      | Noticed Natasha
  1629 | D:3      | Killed Natasha
  1958 | D:3      | Noticed Natasha
  1966 | D:3      | Killed Natasha
  1966 | D:3      | Reached XP level 6. HP: 26/48 MP: 6/6
  2104 | D:3      | Found a runed door.
  2187 | D:3      | Reached skill level 1 in Dodging
  2370 | D:3      | Noticed Crazy Yiuf
  2385 | D:3      | Killed Crazy Yiuf
  2467 | D:4      | Noticed Robin
  2469 | D:4      | Reached skill level 5 in Shields
  2481 | D:4      | Killed Robin
  2872 | D:4      | Found a staircase to the Ecumenical Temple.
  2898 | D:4      | Reached skill level 5 in Axes
  2898 | D:4      | Reached XP level 7. HP: 43/54 MP: 7/7
  2908 | Temple   | Entered the Ecumenical Temple
  3098 | Temple   | Became a worshipper of Warmaster Okawaru
  3131 | D:4      | Found an opulent altar of Gozag.
  3263 | D:5      | Entered Level 5 of the Dungeon
  3312 | D:5      | Found a stormy altar of Qazlal.
  3443 | D:5      | Reached skill level 1 in Stealth
  3702 | D:5      | Reached XP level 8. HP: 61/61 MP: 8/8
  3816 | D:5      | Got a twitching copper ring
  3818 | D:5      | Identified the ring of Dusicz Ithi {MP+9 Str+4 Int+5} (You found it on level 5 of the Dungeon)
  3916 | D:5      | Found a sparkling altar of Nemelex Xobeh.
  4253 | D:6      | Reached skill level 1 in Invocations
  4321 | D:6      | Reached * piety under Okawaru
  4321 | D:6      | Reached skill level 2 in Invocations
  4328 | D:6      | Reached skill level 3 in Invocations
  4466 | D:6      | Reached skill level 4 in Invocations
  4581 | D:6      | Reached skill level 5 in Invocations
  4609 | D:6      | Found a shimmering altar of Xom.
  4617 | D:6      | Reached skill level 6 in Invocations
  4787 | D:6      | Reached ** piety under Okawaru
  4787 | D:6      | Reached skill level 7 in Invocations
  4787 | D:6      | Reached XP level 9. HP: 55/66 MP: 14/14
  4861 | D:6      | HP: 1/66 [killer bee (3)]
  4862 | D:6      | Succumbed to a killer bee's poison

Vault maps used:
D:1:      dpeg_arrival_shrine
D:3:      chequers_temple_overflow_minitemple, minmay_misc_feat_diagonals,
          uniq_crazy_yiuf_cottage, uniq_natasha, uniq_jessica
D:4:      kennysheep_big_flooded_room, lemuel_doored_altar, first_bread,
          uniq_robin
D:5:      nemelex_altar_shiori, marbit_many_paths, lemuel_flamethrower_2
D:6:      tgw_xom
D:7:      overflow_temple_1_default, uniq_joseph
Temple:   hc_temple_tempest_star

Skill      XL: |  1  2  3  4  5  6  7  8 |
---------------+-------------------------+-----
Shields        | 4 5 |  5.7
Axes           | 3 4 5 6 |  6.2
Armour         | 4 |  4.3
Dodging        | 1 |  1.5
Fighting       | 4 |  4.6
Stealth        | 1 |  1.1
Invocations    | 7 |  7.8

Action                   |  1- 3 |  4- 6 |  7- 9 || total
-------------------------+-------+-------+-------++-------
Melee: War axe           |   111 |   205 |   111 ||   427
       Unarmed           |       |     2 |       ||     2
       Battleaxe         |       |       |    41 ||    41
Invok: Heroism           |       |       |     2 ||     2
  Use: Scroll            |       |       |    10 ||    10
       Potion            |       |       |     1 ||     1
  Eat: Chunk             |     2 |     5 |     6 ||    13
Armor: Scale mail        |    62 |    79 |    78 ||   219
Dodge: Dodged            |    30 |    74 |    79 ||   183
Block: Shield            |    87 |   109 |   103 ||   299
